Map: Equilibrium LE

Players

incaff

  • Race: Zerg Zerg
  • Spawn Location: 11:00

ATônNgôKhông - Winner!

  • Race: Protoss Protoss
  • League: Silver
  • Spawn Location: 1:00

VOD

Have the link to the VOD?

Description

Time

  • Played on: Dec. 29, 2023, 7:24 a.m.
  • Length: 8:40
Show
View Real Time Build Order
Export as new Build Order

incaff Zerg 

Build Orders: Pool First 

Get SALT Encoding   

  12  0:04  Drone  
  13  0:13  Overlord  
  13  0:17  Drone  
  14  0:33  Drone x2  
  16  0:39  Drone  
  17  0:55  Drone  
  17  0:57  Spawning Pool  
  17  1:00  Drone  
  17  1:02  Extractor  
  17  1:09  Drone  
  18  1:19  Drone  
  19  1:30  Drone  
  20  1:40  Extractor, Drone  
  20  1:48  Hatchery  
  20  1:51  Zergling x2  
  20  2:03  Zergling x2  
  21  2:08  Metabolic Boost  
  21  2:14  Overlord  
  21  2:25  Drone  
  22  2:32  Queen  
  22  2:36  Roach Warren  
  23  2:38  Zergling x2  
  24  2:47  Overlord  
  24  2:55  Spine Crawler  
  23  3:00  Zergling x2  
  23  3:01  Spine Crawler  
  23  3:11  Drone  
  24  3:15  Drone  
  24  3:17  Queen  
  27  3:49  Drone x3  
  27  3:53  Roach x2  
  27  3:54  Roach  
  36  4:15  Roach x2  
  40  4:17  Overlord  
  40  4:21  Roach x2  
  44  4:31  Roach Warren  
  44  4:33  Drone  
  44  5:08  Zergling x2, Roach x2  
  44  5:09  Zergling x4  
  44  5:12  Zergling x2  
  52  5:14  Overlord x2  
  26  6:25  Lair  
  24  7:01  Queen  
  26  7:18  Evolution Chamber  
  21  8:05  Spire  
Show
View Real Time Build Order
Export as new Build Order

ATônNgôKhông Protoss - Winner!

Build Orders: Cannon Rush 

Get SALT Encoding   

  12  0:00  Probe  
  13  0:13  Probe  
  14  0:18  Pylon  
  14  0:25  Probe  
  15  0:38  Forge  
  15  0:47  Pylon  
  15  0:51  Probe (Chrono Boost)  
  16  1:03  Probe (Chrono Boost)  
  17  1:08  Probe (Chrono Boost)  
  18  1:13  Photon Cannon  
  18  1:20  Photon Cannon  
  18  1:34  Photon Cannon  
  18  1:58  Nexus  
  18  2:04  Assimilator  
  18  2:15  Pylon  
  18  2:18  Probe  
  19  2:31  Probe  
  19  2:36  Gateway  
  20  2:43  Probe (Chrono Boost)  
  20  2:44  Assimilator  
  21  2:52  Pylon  
  21  2:54  Probe (Chrono Boost)  
  22  2:58  Probe (Chrono Boost)  
  23  3:11  Photon Cannon  
  23  3:13  Probe  
  24  3:25  Cybernetics Core  
  24  3:31  Probe x2  
  26  3:43  Probe (Chrono Boost)  
  26  3:44  Probe (Chrono Boost)  
  28  3:55  Probe x2 (Chrono Boost)  
  30  3:58  Warp Gate (Chrono Boost)  
  30  3:59  Probe x2 (Chrono Boost)  
  32  4:08  Stargate  
  32  4:09  Probe (Chrono Boost)  
  33  4:10  Probe (Chrono Boost)  
  34  4:22  Probe x2 (Chrono Boost)  
  36  4:27  Probe x2 (Chrono Boost)  
  36  4:29  Shield Battery  
  36  4:31  Shield Battery  
  38  4:35  Shield Battery  
  38  4:36  Probe x2  
  40  4:45  Assimilator  
  40  4:48  Assimilator, Probe x2  
  46  5:00  Probe x2  
  46  5:05  Fleet Beacon  
  44  5:07  Stargate  
  44  5:17  Robotics Facility  
  44  5:28  Shield Battery  
  44  5:32  Pylon  
  44  5:36  Shield Battery  
  44  5:38  Shield Battery  
  44  5:44  Photon Cannon  
  44  5:48  Tempest (Chrono Boost)  
  44  5:51  Tempest (Chrono Boost)  
  54  6:10  Nexus  
  54  6:12  Probe x2  
  57  6:18  Observer (Chrono Boost)  
  57  6:24  Probe x2  
  59  6:32  Observer (Chrono Boost)  
  59  6:36  Probe  
  61  6:45  Tempest  
  66  6:57  Probe (Chrono Boost)  
  66  6:58  Pylon  
  66  6:59  Probe (Chrono Boost)  
  66  7:00  Pylon  
  68  7:02  Pylon  
  69  7:09  Probe (Chrono Boost)  
  69  7:13  Probe (Chrono Boost)  
  69  7:15  Probe (Chrono Boost)  
  70  7:16  Tempest  
  70  7:21  Probe  
  78  7:22  Probe  
  78  7:24  Unknown  
  78  7:25  Probe  
  78  7:29  Unknown  
  79  7:33  Probe  
  79  7:35  Probe  
  79  7:36  Tempest  
  81  7:37  Probe  
  87  7:45  Probe  
  87  7:47  Probe  
  87  7:49  Probe  
  90  7:57  Probe  
  91  7:59  Probe  
  91  8:01  Nexus, Probe  
  91  8:02  Pylon  
  91  8:04  Pylon  
  98  8:09  Probe  
  98  8:11  Probe  
  100  8:13  Probe  
  100  8:14  Unknown  
  101  8:21  Probe  
  101  8:23  Probe  
  101  8:25  Probe  
  104  8:34  Nexus  
  104  8:37  Assimilator  
Tags
 
Add a new tag
Caveats
  • Supply blocks, unpowered buildings, or Contaminate may cause inaccurate times.
  • Supply counts are checked every 10 seconds.